 Seeded DCSS version 0.28-a0-1429-gf3d713df7a (webtiles) character file.

Game seed: 8612608535537322636 (custom seed)

1796 flotson the Ducker (level 8, -5/63 HPs)
             Began as a Demonspawn Gladiator on Jan 9, 2022.
             Was an Initiate of Gozag.
             Slain by an orc warrior (9 damage)
             ... in a bailey.
             The game lasted 00:10:28 (7783 turns).

flotson the Ducker (Demonspawn Gladiator)           Turns: 7783, Time: 00:10:35

Health: -5/63      AC: 13    Str: 16    XL:     8   Next: 83%
Magic:  8/8        EV: 13    Int: 10    God:    Gozag
Gold:   435        SH:  9    Dex: 15    Spells: 7/7 levels left

rFire   . . .      SeeInvis .   A - +3 quarterstaff (chaos)
rCold   . . .      Faith    .   (shield currently unavailable)
rNeg    . . .      Spirit   .   f - +0 ring mail
rPois   .          Reflect  +   w - +2 hat
rElec   .          Harm     +   y - scarf {harm}
rCorr   .          Rampage  .   (no gloves)
Will    .....                   (no boots)
Stlth   +.........              u - amulet of reflection
HPRegen 0.20/turn               (no ring)
MPRegen 0.11/turn               (no ring)

@: no status effects
A: icemail 1, powered by death 1, sharp scales 1, condensation shield
a: Renounce Religion, Potion Petition, Call Merchant, Bribe Branch


You were in a bailey.
You worshipped Gozag.
Gozag was aware of your devotion.
You visited 2 branches of the dungeon, and saw 8 of its levels.
You also visited: Bailey.

You collected 614 gold pieces.
You spent 45 gold pieces at shops.
You paid 134 gold pieces to Gozag.

Inventory:

Hand Weapons
 b - a +0 hunting sling
 s - a +0 war axe
 A - a +3 quarterstaff of chaos (weapon)
 B - a +0 halberd
Missiles
 d - a throwing net
 t - 5 curare-tipped darts
 x - 3 boomerangs (quivered)
Armour
 f - a +0 ring mail (worn)
 w - a +2 hat (worn)
 y - a scarf of harm (worn)
Jewellery
 u - an amulet of reflection (around neck)
Wands
 p - a wand of digging (2)
 q - a wand of flame (44)
Scrolls
 g - a scroll of fog {unknown}
 h - 4 scrolls of teleportation {unknown}
 i - 2 scrolls of magic mapping {unknown}
 l - 3 scrolls of blinking {unknown}
 m - 3 scrolls of vulnerability {unknown}
 n - a scroll of acquirement {unknown}
Potions
 c - a potion of magic {unknown}
 e - 4 potions of curing {unknown}
 j - a potion of heal wounds {unknown}
 k - 2 potions of mutation {unknown}
 o - 2 potions of lignification {unknown}
 r - a potion of ambrosia {unknown}
 v - 2 potions of brilliance {unknown}
 z - 2 potions of might


   Skills:
 + Level 5.5 Fighting
 - Level 4.8 Axes
 + Level 5.0 Throwing
 + Level 4.6 Armour
 + Level 5.5 Dodging


You had 7 spell levels left.
You didn't know any spells.
Your spell library contained the following spells:

 Spells                   Type           Power      Damage    Failure   Level
 Corpse Rot               Necr/Air       0%         N/A       71%         2
 Poisonous Vapours        Pois/Air       0%         N/A       71%         2
 Sublimation of Blood     Necr           0%         N/A       71%         2
 Wereblood                Tmut           0%         N/A       71%         2
 Gell's Gravitas          Tloc           0%         N/A       90%         3
 Teleport Other           Tloc           0%         N/A       90%         3
 Cause Fear               Hex            0%         N/A       100%        4
 Dispersal                Tloc           0%         N/A       100%        6
 Dragon Form              Tmut           0%         N/A       100%        7
 Summon Hydra             Summ           0%         N/A       100%        7
 Dragon's Call            Summ           0%         N/A       100%        9


Dungeon Overview and Level Annotations

Branches:
Dungeon (7/15)             Temple (1/1) D:5          Bailey (1/1)

Altars:
Ashenzari
Dithmenos
Elyvilon
Fedhas
Gozag
Kikubaaqudgha
Makhleb
Nemelex Xobeh
Okawaru
Qazlal
Ru
Vehumet
Xom
Zin
The Shining One

Shops:
D:6 ([:(*


Innate Abilities, Weirdness & Mutations

A meltable icy envelope protects you from harm. (AC +4)
You regenerate a little health from kills.
You are partially covered in razor-sharp scales. (AC +1, Slay +1)
A meltable shield of frost defends you. (SH +4)


Message History

The orc warrior is lightly wounded.
You block the orc warrior's attack.
You hit the orc warrior.
The orc warrior is heavily wounded.
You block the orc warrior's attack.
You closely miss the orc warrior.
The orc warrior is heavily wounded.
The orc warrior hits you with a +0 trident.
You hit the orc warrior. You burn the orc warrior.
The orc warrior is almost dead.
The orc warrior hits you with a +0 trident.
The orc warrior barely misses you.
You hit the orc warrior but do no damage.
The orc warrior seems to speed up.
The orc warrior is almost dead.
The orc warrior hits you with a +0 trident! x2
You are too injured to fight recklessly!
You are too injured to fight recklessly!
You are too injured to fight recklessly!
You are too injured to fight recklessly!
You are too injured to fight recklessly!
You are too injured to fight recklessly!
You are too injured to fight recklessly!
You are too injured to fight recklessly!
You hit the orc warrior but do no damage.
The orc warrior is almost dead.
The orc warrior hits you but does no damage.
The orc warrior closely misses you.
You closely miss the orc warrior.
The orc warrior is almost dead.
You block the orc warrior's attack.
The orc warrior hits you with a +0 trident.
* * * LOW HITPOINT WARNING * * *
You barely miss the orc warrior.
The orc warrior is almost dead.
The orc warrior hits you with a +0 trident!
* * * LOW HITPOINT WARNING * * *
The orc warrior hits you with a +0 trident!
You die...
Your body crumbles into a pile of gold.

#..........≈)..## ##..≈≈.......
#.≈≈≈≈≈≈≈≈≈≈..## =[##..≈≈≈≈≈)≈≈
#.≈..........## .. ##.........
#.≈.#############'#############
#.≈.##.....##......... $$$.##
#.≈).##...#'..§≈§.≈≈≈. .$.##.
#.≈≈..##.##..§§§....§≈ ##.# ..
##.≈≈..#+#..≈§§o.⌠...≈ #+ .≈
#∩.≈≈..# #....@.⌠∩⌠... .≈
#.≈≈..## ##.§§≈$....§≈ #.≈..##
$ ##§.≈≈≈≈§≈≈. #.≈.## $$$
##.........
#.≈.#########'###+####
#.≈...)...)).## ....#
#.≈≈≈≈≈≈≈≈≈≈..##.∩.#
#..........≈≈..## ≈
##########..≈)..###..≈≈


You could see an orc warrior (fast).

Vanquished Creatures
  Grinder (D:5)
  3 orc warriors (Bailey)
  2 sky beasts
  2 ogres
  A centaur (D:6)
  A bullfrog (D:6)
  A wyvern zombie (D:6)
  A scorpion (D:6)
  A water moccasin zombie (D:6)
  A jelly (D:4)
  Crazy Yiuf (D:3)
  3 orc priests (D:5)
  Terence (D:3)
  5 iguanas
  Natasha (thrice) (D:3)
  A howler monkey zombie (D:5)
  Robin (D:2)
  8 adders
  2 white imps
  2 adder skeletons
  A worm (D:3)
  4 dart slugs
  19 orcs
  5 bats
  5 endoplasms
  2 giant cockroaches
  9 hobgoblins
  4 jackals (D:3)
  4 quokkas
  7 ball pythons
  5 frilled lizards
  17 goblins
  7 kobolds
  5 rats
135 creatures vanquished.

Notes
Turn   | Place    | Note
-------+----------+-------------------------------------------
     0 | D:1      | flotson the Demonspawn Gladiator began the quest for the
                  | Orb.
     0 | D:1      | Reached XP level 1. HP: 16/16 MP: 1/1
    62 | D:1      | Found a faded altar of an unknown god.
   424 | D:1      | Gained mutation: A meltable shield of frost defends you.
                  | (SH +4) [demonic ancestry]
   424 | D:1      | Reached XP level 2. HP: 22/22 MP: 2/2
  1480 | D:2      | Gained mutation: A meltable icy envelope protects you from
                  | harm. (AC +4) [demonic ancestry]
  1480 | D:2      | Reached XP level 3. HP: 28/28 MP: 3/3
  1931 | D:1      | Found a faded altar of an unknown god.
  2227 | D:2      | Noticed Robin
  2256 | D:2      | Reached skill level 1 in Armour
  2262 | D:2      | Killed Robin
  2593 | D:2      | Gained mutation: You regenerate a little health from kills.
                  | [demonic ancestry]
  2593 | D:2      | Reached XP level 4. HP: 20/34 MP: 4/4
  3037 | D:3      | Found a blossoming altar of Fedhas.
  3255 | D:3      | Noticed Terence
  3264 | D:3      | Killed Terence
  3265 | D:3      | Reached XP level 5. HP: 40/40 MP: 5/5
  3418 | D:3      | Found a runed translucent door.
  3419 | D:3      | Noticed Crazy Yiuf
  3531 | D:3      | Noticed Natasha
  3544 | D:3      | Killed Natasha
  3662 | D:3      | Noticed Natasha
  3670 | D:3      | Killed Natasha
  3819 | D:3      | Noticed Natasha
  3828 | D:3      | Killed Natasha
  4052 | D:3      | Found a blossoming altar of Fedhas.
  4159 | D:3      | Killed Crazy Yiuf
  4233 | D:4      | Reached XP level 6. HP: 22/47 MP: 6/6
  4868 | D:5      | Entered Level 5 of the Dungeon
  5052 | D:5      | Reached XP level 7. HP: 53/53 MP: 7/7
  5145 | D:5      | Found a staircase to the Ecumenical Temple.
  5149 | Temple   | Entered the Ecumenical Temple
  5406 | D:5      | Noticed Grinder
  5427 | D:5      | Killed Grinder
  6508 | D:6      | Found an opulent altar of Gozag.
  6516 | D:6      | Became a worshipper of Gozag Ym Sagoz the Greedy
  6520 | D:6      | Gained mutation: You are partially covered in razor-sharp
                  | scales. (AC +1, Slay +1) [demonic ancestry]
  6520 | D:6      | Reached XP level 8. HP: 47/61 MP: 8/8
  6794 | D:6      | Found Egung's Weapon Boutique.
  6809 | D:6      | Found Oheot's Book Boutique.
  6810 | D:6      | Found Tuelledd's Weapon Boutique.
  6813 | D:6      | Bought 5 curare-tipped darts for 45 gold pieces
  6814 | D:6      | Found Ydgheoli's Armour Boutique.
  6883 | D:6      | Found a broken altar of Ashenzari.
  7034 | D:6      | Found Wucraw's Elemental Accessories.
  7129 | D:6      | Reached skill level 5 in Fighting
  7129 | D:6      | Reached skill level 5 in Dodging
  7341 | D:6      | Found a sacrificial altar of Ru.
  7469 | D:7      | Found a flagged portal.
  7501 | Bailey   | Entered a bailey
  7673 | Bailey   | Reached skill level 5 in Throwing
  7783 | Bailey   | Slain by an orc warrior

Illustrated notes

Levels and vault maps discovered:
D:1:      dpeg_arrival_boxes_within_box, layout_basic,
          hellmonk_ecumenical_altar_crossroads
D:2:      layout_basic, basic_altar, uniq_robin
D:3:      layout_rooms, lemuel_doored_altar, mainiacjoe_overflow_24_doors,
          uniq_natasha, uniq_crazy_yiuf_cottage, uniq_terence
D:4:      layout_rooms, minmay_distorted
D:5:      layout_basic, temple_statues, uniq_grinder
D:6:      layout_basic, ashenzari_altar_1, mainiacjoe_overflow_tiny_flanked,
          grunt_gozag_breadcrumbs, minmay_shop_grid_forest,
          minmay_misc_feat_nine_boxes, minmay_statues_item,
          nicolae_elemental_shop
D:7:      layout_rooms, nicolae_yredelemnul_ghost_church, amcnicky_altar_gilded,
          eat_drink_and_be_merry_uskayaw, enter_bailey_5, minivault_4,
          kennysheep_small_spiral, kennysheep_generic_room_16
Temple:   eino_temple_lava
Bailey:   bailey_polearm_1, bailey

Skill      XL: |  1  2  3  4  5  6  7  8 |
---------------+-------------------------+-----
Throwing       | 2 3 4 5 |  5.0
Dodging        | 3 4 5 |  5.5
Axes           | 3 4 |  4.8
Armour         | 1 2 3 4 |  4.6
Fighting       | 3 4 5 |  5.5

Action                   |  1- 3 |  4- 6 |  7- 9 || total
-------------------------+-------+-------+-------++-------
Melee: War axe           |   108 |    93 |       ||   201
       Punch             |     3 |       |       ||     3
       Quarterstaff      |       |    78 |   154 ||   232
Throw: Throwing net      |       |     3 |     1 ||     4
       Boomerang         |       |       |    20 ||    20
Evoke: Wand              |       |       |     6 ||     6
 Stab: Held in net/web   |       |     3 |       ||     3
       Distracted        |       |     1 |       ||     1
Armor: Leather armour    |     8 |       |       ||     8
       Ring mail         |    55 |    64 |    54 ||   173
Dodge: Dodged            |    67 |   100 |    80 ||   247
Block: Other             |    15 |    46 |    63 ||   124
       Reflection        |       |       |     1 ||     1

Table legend: (Time is in decaauts)
 A = Elapsed time spent in this place.
 B = Non-inter-level travel time spent in this place.
 C = Inter-level travel time spent in this place.
 D = Time resting spent in this place.
 E = Time spent auto-exploring this place.
 F = Levels seen in this place.
 G = Mean time per level.
                   A        B        C        D        E       F      G
               +--------+--------+--------+--------+--------+-----+--------+
         Total |   7931 |   7598 |    333 |     99 |   6230 |   9 |  881.2 |
       Dungeon |   7556 |   7223 |    333 |     17 |   6106 |   7 | 1079.4 |
        Temple |     71 |     71 |      0 |      0 |     61 |   1 |   71.0 |
        Bailey |    303 |    303 |      0 |     82 |     63 |   1 |  303.0 |
               +--------+--------+--------+--------+--------+-----+--------+

Top non-repeatable levels by time:
     D:1: 1814 daAuts
     D:5: 1441 daAuts
     D:2: 1239 daAuts
     D:3: 1222 daAuts
     D:6: 953 daAuts
     D:4: 793 daAuts
  Bailey: 303 daAuts
     D:7: 91 daAuts
  Temple: 71 daAuts
